 Dungeon Crawl Stone Soup version 0.24-a0-164-g56e1b8f (webtiles) character file.

Game seed: 10318543891487604582

15327 Lanoc the Cleaver (level 12, 0/95 HPs)
             Began as a Formicid Fighter on Mar 6, 2019.
             Was a High Priest of Uskayaw.
             Slain by Erolcha
             ... wielding a +0 giant club
              (15 damage)
             ... on level 11 of the Dungeon.
             The game lasted 00:25:19 (10652 turns).

Lanoc the Cleaver (Formicid Fighter)               Turns: 10652, Time: 00:25:19

Health: 0/95       AC: 20    Str: 26    XL:     12   Next: 56%
Magic:  17/17      EV: 11    Int:  9    God:    Uskayaw [*****.]
Gold:   599        SH: 12    Dex: 14    Spells: 11/11 levels left

rFire    . . .     SeeInvis +   a - +1 battleaxe (chop)
rCold    . . .     Gourm    .   c - +0 shield
rNeg     + . .     Faith    .   u - +0 plate armour
rPois    .         Spirit   .   (helmet unavailable)
rElec    .         Reflect  .   x - scarf {cloud immunity}
rCorr    .         Harm     .   (no gloves)
MR       ++...                  (no boots)
Stlth    ..........             (no amulet)
HPRegen  0.25/turn              q - ring of Abstinence {rN+ MR+ Stlth-}
MPRegen  0.15/turn              B - +6 ring of protection

@: mighty
A: permanent stasis, dig shafts and tunnels, four strong arms, antennae 3
a: Dig, Shaft Self, Stomp, Line Pass, Grand Finale, Renounce Religion


You were on level 11 of the Dungeon.
You worshipped Uskayaw.
Uskayaw was noncommittal.
You were not hungry.

You visited 2 branches of the dungeon, and saw 12 of its levels.

You collected 659 gold pieces.
You spent 60 gold pieces at shops.

Inventory:

Hand Weapons
 a - a +1 battleaxe of chopping (weapon)
Armour
 c - a +0 shield (worn)
 u - a +0 plate armour (worn)
 x - a scarf of cloud immunity (worn)
 I - the +0 leather armour of Catatonia {MR+++ Str+4 Stlth-}
   (You found it on level 10 of the Dungeon)

   It affects your strength (+4).
   It affects your resistance to hostile enchantments.
   It makes you less stealthy.
Jewellery
 q - the ring of Abstinence (left hand) {rN+ MR+ Stlth-}
   (You found it on level 8 of the Dungeon)

   [ring of attention]

   It protects you from negative energy.
   It affects your resistance to hostile enchantments.
   It makes you less stealthy.
 B - a +6 ring of protection (right hand)
Wands
 k - a wand of disintegration (8)
 m - a wand of acid (10)
 t - a wand of scattershot (4)
 y - a wand of flame (12)
 A - a wand of paralysis (18)
 C - a wand of random effects (18)
 H - a wand of enslavement (10)
Scrolls
 b - 2 scrolls of fear
 e - 3 scrolls of fog {unknown}
 h - 9 scrolls of teleportation {unknown}
 j - a scroll of amnesia {unknown}
 l - 2 scrolls of magic mapping {unknown}
 o - 3 scrolls of enchant weapon
 p - a scroll of remove curse
 r - 3 scrolls of immolation
 s - 3 scrolls of enchant armour
 w - a scroll of brand weapon {unknown}
Potions
 d - a potion of might
 i - a potion of invisibility
 n - 3 potions of resistance
 v - a potion of lignification
 z - 3 potions of brilliance
 D - 2 potions of curing
Miscellaneous
 g - a phial of floods
Comestibles
 f - 22 rations


   Skills:
 + Level 9.1 Fighting
 * Level 11.1 Axes
 + Level 9.1 Armour
 + Level 7.0 Dodging
 - Level 9.0 Shields
 + Level 7.8 Invocations


You had 11 spell levels left.
You didn't know any spells.
Your spell library contained the following spells:

 Spells                   Type           Power        Failure   Level  Hunger
 Animate Skeleton         Necr           N/A          99%         1    ##.....
 Corona                   Hex            #......      99%         1    ##.....
 Pain                     Necr           #...         99%         1    ##.....
 Sting                    Conj/Pois      #...         99%         1    ##.....
 Ensorcelled Hibernation  Hex/Ice        #.....       99%         2    ###....
 Poisonous Vapours        Pois/Air       #.....       99%         2    ###....
 Slow                     Hex            #.......     99%         2    ###....
 Confuse                  Hex            #.......     100%        3    ####...
 Dazzling Spray           Conj/Hex       #.....       100%        3    ####...
 Inner Flame              Hex/Fire       #.......     100%        3    ####...
 Mephitic Cloud           Conj/Pois/Air  #.......     100%        3    ####...
 Portal Projectile        Hex/Tloc       #.....       100%        3    ####...
 Regeneration             Chrm/Necr      #.........   100%        3    ####...
 Tukima's Dance           Hex            #.......     100%        3    ####...
 Vampiric Draining        Necr           #.........   100%        3    ####...
 Animate Dead             Necr           N/A          100%        4    #####..
 Cause Fear               Hex            #.........   100%        4    #####..
 Leda's Liquefaction      Hex/Erth       #.........   100%        4    #####..
 Olgreb's Toxic Radiance  Pois           #.......     100%        4    #####..
 Summon Lightning Spire   Summ/Air       #.......     100%        4    #####..
 Silence                  Hex/Air        #.........   100%        5    ######.
 Venom Bolt               Conj/Pois      #.........   100%        5    ######.
 Conjure Ball Lightning   Conj/Air       #.........   100%        6    #######
 Deflect Missiles         Chrm/Air       #.........   100%        6    #######
 Tornado                  Air            #.........   100%        9    #######


Dungeon Overview and Level Annotations

Branches:
Dungeon (11/15)            Temple (1/1) D:6            Lair (0/6) D:11
    Orc (0/2) D:10

Altars:
Ashenzari
Cheibriados
Dithmenos
Elyvilon
Fedhas
Gozag
Hepliaklqana
Makhleb
Nemelex Xobeh
Okawaru
Qazlal
Ru
Trog
Uskayaw
Vehumet
Wu Jian
Xom
Yredelemnul
Zin
The Shining One

Shops:
D:6 [   D:9 ?

Annotations:
D:11 Erolcha


Innate Abilities, Weirdness & Mutations

You cannot be hasted, slowed, berserked, paralysed or teleported.
You can dig through walls and to a lower floor.
Your four strong arms can wield two-handed weapons with a shield.
You have a pair of large antennae on your head. (SInv)


Message History

Erolcha gestures at you while chanting. The crystal spear hits you!!
* * * LOW HITPOINT WARNING * * *
Erolcha closely misses you.
Your plate armour prevents you from hitting Erolcha.
Erolcha is heavily wounded.
Erolcha hits you but does no damage.
You hit Erolcha.
Erolcha is heavily wounded.
Erolcha gestures at you while chanting. The bolt of cold misses you.
You block Erolcha's attack.
Your plate armour prevents you from hitting Erolcha.
Erolcha is heavily wounded.
Erolcha barely misses you.
You feel very mighty all of a sudden.
Erolcha points at you and mumbles some strange words.
The bolt of cold misses you. The ogre hits you with a +0 giant club.
* * * LOW HITPOINT WARNING * * *
Erolcha hits you with a +0 giant club!
You die...

#.... #.# #..... ....
###.## ####.# ...
#....# #.# .###..{
###.##.## #.# .....{
#...##?.# #..
#...#{## ###.#####.#
##. #...{##
#######...# #.# #.
#....#{.###....(#.###
#.## ##. #.##
##........O@.# #..##
#.. >.. #####....O###
##..# #..
#.######...>.# ##.#
#.. #...#.....####
#.# #..
##......######### #.#
### #.........J.J...#
#.# ## ##
#....##########.# #.#
#. ... #..### #.###
###.####. ....#.##
#...###........


You could see Erolcha and an ogre.

Vanquished Creatures
  Harold (D:8)
  3 two-headed ogres
  An unseen horror (D:10)
  A deep elf mage (D:8)
  An ugly thing (D:11)
  Maurice (D:8)
  A komodo dragon (D:11)
  2 trolls
  4 hippogriffs
  10 slime creatures
  A wraith (D:8)
  A wyvern (D:7)
  Grum (D:8)
  4 hogs (D:9)
  A human (D:9)
  A vampire (D:9)
  A hungry ghost (D:8)
  An acid dragon (D:8)
  6 orc warriors
  2 sky beasts
  A swamp drake (D:10)
  4 ice beasts
  A black bear (D:9)
  A phantom (D:6)
  2 centaurs
  A necrophage (D:9)
  8 ogres
  4 wolves (D:8)
  3 big kobolds (D:8)
  6 bullfrogs
  A gnoll sergeant (D:10)
  A water moccasin skeleton (D:5)
  7 killer bees
  2 scorpions
  3 wights (D:9)
  7 howler monkeys
  4 crimson imps
  3 jellies
  A bullfrog zombie (D:8)
  2 quasits
  3 bullfrog skeletons
  2 hounds
  3 iron imps (D:3)
  A centaur skeleton (D:8)
  8 orc priests
  5 iguanas
  11 orc wizards
  6 worker ants
  A hound skeleton (D:4)
  3 gnolls (D:10)
  24 adders
  3 shadow imps
  An adder skeleton (D:7)
  An adder zombie (D:3)
  3 worms
  A dart slug (D:1)
  5 leopard geckos
  73 orcs
  7 bats
  4 giant cockroaches
  3 hobgoblins
  15 jackals
  A quokka (D:6)
  3 ball pythons
  4 frilled lizards
  4 goblins (D:3)
  2 goblin skeletons (D:8)
  2 hobgoblin zombies (D:8)
  6 kobolds
  A kobold skeleton (D:8)
  2 kobold zombies (D:8)
  An orc skeleton (D:8)
  3 rats
318 creatures vanquished.

Vanquished Creatures (others)
  An orc (D:10)
  A kobold (D:8)
2 creatures vanquished.

Grand Total: 320 creatures vanquished

Notes
Turn   | Place    | Note
-------+----------+-------------------------------------------
     0 | D:1      | Lanoc the Formicid Fighter began the quest for the Orb.
     0 | D:1      | Reached XP level 1. HP: 18/18 MP: 1/1
   124 | D:1      | Reached XP level 2. HP: 21/24 MP: 2/2
   152 | D:2      | Found a shadowy altar of Dithmenos.
   319 | D:2      | Reached XP level 3. HP: 20/29 MP: 3/3
   559 | D:2      | Reached XP level 4. HP: 28/37 MP: 4/4
   674 | D:2      | Reached skill level 3 in Axes
   674 | D:2      | Reached skill level 1 in Dodging
  1300 | D:3      | Reached XP level 5. HP: 35/42 MP: 5/5
  1582 | D:3      | Found a burning altar of Makhleb.
  1612 | D:3      | Reached XP level 6. HP: 36/48 MP: 6/6
  1713 | D:3      | Found a blossoming altar of Fedhas.
  1858 | D:4      | Noticed an ogre
  1867 | D:4      | Killed an ogre
  1867 | D:4      | Reached skill level 4 in Axes
  2283 | D:4      | Reached XP level 7. HP: 42/55 MP: 7/7
  2321 | D:4      | Reached skill level 5 in Shields
  2613 | D:5      | Entered Level 5 of the Dungeon
  2871 | D:5      | Reached skill level 5 in Axes
  3181 | D:5      | Reached XP level 8. HP: 59/61 MP: 8/8
  3183 | D:5      | Found a radiant altar of Vehumet.
  3283 | D:5      | You fall through a shaft!
  3283 | D:6      | Found a bloodstained altar of Trog.
  3285 | D:6      | Reached skill level 5 in Armour
  3313 | D:6      | Reached skill level 5 in Fighting
  3378 | D:6      | Found a sparkling altar of Nemelex Xobeh.
  3858 | D:6      | Found Vourey's Antique Armour Shop.
  3963 | D:6      | Found a staircase to the Ecumenical Temple.
  3969 | Temple   | Entered the Ecumenical Temple
  4036 | Temple   | Became a worshipper of Uskayaw the Reveler
  4129 | D:7      | Reached * piety under Uskayaw
  4224 | D:7      | Reached ** piety under Uskayaw
  4226 | D:7      | Reached *** piety under Uskayaw
  4227 | D:7      | Reached skill level 6 in Axes
  4553 | D:7      | Reached skill level 1 in Invocations
  4621 | D:7      | Reached XP level 9. HP: 60/68 MP: 9/9
  4703 | D:7      | Got a shimmering dagger
  4704 | D:7      | Identified the +2 dagger of the Dungeon {freeze, Int+2}
                  | (You found it on level 7 of the Dungeon)
  5683 | D:8      | Found a shadowy altar of Dithmenos.
  5712 | D:8      | Found a glowing golden altar of the Shining One.
  5759 | D:8      | Noticed Harold
  5759 | D:8      | Noticed Grum
  5778 | D:8      | Reached **** piety under Uskayaw
  5780 | D:8      | Killed Harold
  5780 | D:8      | Reached skill level 7 in Axes
  5857 | D:8      | Reached XP level 10. HP: 75/77 MP: 12/12
  5860 | D:8      | Noticed Maurice
  5863 | D:8      | Reached ***** piety under Uskayaw
  5908 | D:8      | Killed Maurice
  5936 | D:8      | Reached skill level 8 in Axes
  5946 | D:8      | Noticed a deep elf mage
  5960 | D:8      | Killed a deep elf mage
  5960 | D:8      | Reached skill level 5 in Dodging
  5982 | D:8      | Got a bloodstained short sword
  5984 | D:8      | Got a clouded tin ring
  5991 | D:8      | Identified the ring of Abstinence {rN+ MR+ Stlth-} (You
                  | found it on level 8 of the Dungeon)
  5993 | D:8      | Identified the +3 short sword of Byatsex {flame, rPois rF+
                  | Str+4 Int+3} (You found it on level 8 of the Dungeon)
  6254 | D:8      | Reached skill level 5 in Invocations
  6262 | D:8      | Noticed a two-headed ogre
  6268 | D:8      | Killed a two-headed ogre
  6331 | D:8      | Reached XP level 11. HP: 84/84 MP: 14/14
  6413 | D:8      | Reached skill level 9 in Axes
  6434 | D:8      | Found a hazy altar of Hepliaklqana.
  6809 | D:8      | Killed Grum
  7233 | D:9      | Found Byschoik's Magic Scroll Emporium.
  7265 | D:9      | Bought a scroll of fear for 38 gold pieces
  7265 | D:9      | Bought a scroll of identify for 22 gold pieces
  8117 | D:9      | Reached skill level 10 in Axes
  8386 | D:10     | Entered Level 10 of the Dungeon
  8409 | D:10     | Noticed a two-headed ogre
  8416 | D:10     | Killed a two-headed ogre
  8425 | D:10     | Noticed an unseen horror
  8435 | D:10     | Killed an unseen horror
  8435 | D:10     | Reached XP level 12. HP: 67/94 MP: 17/17
  9260 | D:10     | Found a staircase to the Orcish Mines.
  9283 | D:10     | Got a smoking leather armour
  9294 | D:10     | Identified the cursed +0 leather armour of Catatonia {MR+++
                  | Str+4 Stlth-} (You found it on level 10 of the Dungeon)
  9456 | D:11     | Noticed a two-headed ogre
  9466 | D:11     | Killed a two-headed ogre
  9470 | D:11     | Reached ****** piety under Uskayaw
  9924 | D:11     | Found a staircase to the Lair.
 10631 | D:11     | Reached skill level 11 in Axes
 10641 | D:11     | Noticed Erolcha
 10652 | D:11     | Slain by Erolcha

Levels and vault maps discovered:
D:1:      sevenhm_arrival_forest_fort_large_2, layout_basic
D:2:      layout_basic, grunt_dithmenos_smoke
D:3:      layout_rooms, demons_altar, marbit_many_paths
D:4:      layout_basic, minmay_misc_feat_encased
D:5:      layout_loops_ring, grunt_temple_overflow_magic_moments,
          tso_oasis_becter, first_ration
D:6:      layout_basic, lemuel_round_altar, lemuel_round_altar,
          minmay_temple_entry_butterflies, serial_shops, shop
D:7:      layout_loops_corners, grunt_decor_cap
D:8:      minmay_the_grid_octo_tiled_octocenter
          [minmay_the_grid_octo_fan_narrow, minmay_the_grid_octo_toaster,
          minmay_the_grid_octo_77, minmay_the_grid_octo_concentric,
          minmay_the_grid_octo_prize_ultimate_mussel_roller,
          minmay_the_grid_square_5x5_inset, minmay_the_grid_square_5x5_empty,
          minmay_the_grid_square_5x5_inner_i,
          minmay_the_grid_square_5x5_corner], layout_cave_pools,
          old_standard_altar, nicolae_overflow_hidden_temple,
          serial_column_ruins, column_ruins_square_large, column_ruins_grid_1,
          column_ruins_open_tiny, column_ruins_corridor_T,
          nicolae_tso_besieged_by_evil, uniq_grum, uniq_harold, uniq_maurice
D:9:      layout_irregular_city, serial_shops, nicolae_shop_waterfront,
          grunt_livestock
D:10:     layout_long_grid, erik_orc_1
D:11:     layout_rooms, lair_entry_dummy, uniq_erolcha
Temple:   nicolae_temple_x_marks_the_god

Skill      XL: |  1  2  3  4  5  6  7  8  9 10 11 12 |
---------------+-------------------------------------+-----
Shields        | 4 5 6 7 8 9 |  9.0
Axes           | 3 4 5 6 7 8 10 11 | 11.1
Dodging        | 1 2 3 4 5 6 7 |  7.0
Fighting       | 4 5 6 7 8 9 |  9.1
Armour         | 4 5 6 7 8 9 |  9.1
Invocations    | 1 3 5 6 7 |  7.8

Action                   |  1- 3 |  4- 6 |  7- 9 | 10-12 || total
-------------------------+-------+-------+-------+-------++-------
Melee: War axe           |    85 |   182 |   304 |       ||   571
       Battleaxe         |       |       |    59 |   544 ||   603
 Abil: Dig               |       |       |     2 |     1 ||     3
  Use: Scroll            |       |       |    10 |     7 ||    17
       Potion            |       |       |       |     4 ||     4
 Stab: Paralysed         |       |       |     6 |    57 ||    63
       Confused          |       |       |       |     1 ||     1
  Eat: Chunk             |       |     4 |    12 |    17 ||    33
       Ration            |       |       |       |     1 ||     1
Armor: Scale mail        |    46 |    54 |    92 |    88 ||   280
       Plate armour      |       |       |       |   155 ||   155
Dodge: Dodged            |    28 |    71 |   131 |   215 ||   445
Block: Shield            |    66 |   125 |   187 |   378 ||   756

Table legend:
 A = Non-vault XP
 B = Vault XP
 C = Vault XP percentage of total XP
 D = Non-vault monster count
 E = Vault monster count
 F = Vault count percentage of total count
                 A         B        C        D         E       F
            +---------+---------+-------+---------+---------+-------
      Total |   14212 |    7685 |  35.1 |     254 |      65 |  20.4
            +---------+---------+-------+---------+---------+-------
        D:1 |      12 |       0 |   0.0 |       7 |       0 |   0.0
        D:2 |      78 |       0 |   0.0 |      18 |       0 |   0.0
        D:3 |      80 |     125 |  61.0 |      24 |       4 |  14.3
        D:4 |     324 |       0 |   0.0 |      34 |       0 |   0.0
        D:5 |     511 |       0 |   0.0 |      15 |       0 |   0.0
        D:6 |     429 |       0 |   0.0 |      15 |       0 |   0.0
        D:7 |     985 |       0 |   0.0 |      27 |       0 |   0.0
        D:8 |     754 |    6014 |  88.9 |      16 |      39 |  70.9
        D:9 |    3609 |     994 |  21.6 |      37 |       5 |  11.9
       D:10 |    2864 |     552 |  16.2 |      29 |      17 |  37.0
       D:11 |    4566 |       0 |   0.0 |      32 |       0 |   0.0
            +---------+---------+-------+---------+---------+-------
